 Dungeon Crawl Stone Soup version 0.29-a0-997-gf6f7e2dfe7 (webtiles) character file.

Game seed: 3412663011675269492

11 Sabo the Conjurer (level 2, -2/20 HPs)
             Began as a Draconian Conjurer on Aug 4, 2022.
             Slain by a black bear (4 damage)
             ... on level 2 of the Dungeon.
             The game lasted 00:02:46 (825 turns).

Sabo the Conjurer (Draconian Conjurer)               Turns: 825, Time: 00:02:48

Health: -2/20      AC:  4    Str:  9    XL:     2   Next: 13%
Magic:  0/5        EV: 12    Int: 18    God:
Gold:   28         SH:  0    Dex:  9    Spells: 4/5 levels left

rFire   . . .      SeeInvis .   (no weapon)
rCold   . . .      Faith    .   (no shield)
rNeg    . . .      Spirit   .   (body armour unavailable)
rPois   .          Reflect  .   (helmet restricted)
rElec   .          Harm     .   (no cloak)
rCorr   .          Rampage  .   (no gloves)
Will    .....                   (no boots)
Stlth   ++........              (no amulet)
HPRegen 0.06/turn               (no ring)
MPRegen 0.09/turn               (no ring)

@: no status effects
A: AC +4, unfitting armour, cold-blooded
a: no special abilities


You were on level 2 of the Dungeon.
You visited 1 branch of the dungeon, and saw 2 of its levels.

You collected 28 gold pieces.

Inventory:

Potions
 b - a potion of berserk rage {unknown}
 c - a potion of brilliance {unknown}


   Skills:
 + Level 1.8 Dodging
 + Level 1.8 Stealth
 + Level 2.0 Spellcasting
 + Level 4.4 Conjurations


You had 4 spell levels left.
You knew the following spells:

 Your Spells              Type           Power      Damage    Failure   Level
a - Magic Dart            Conj           68%        1d6       3%          1

Your spell library contained the following spells:

 Spells                   Type           Power      Damage    Failure   Level
 Searing Ray              Conj           34%        2d5       4%          2
 Dazzling Flash           Conj/Hex       18%        N/A       22%         3
 Fulminant Prism          Conj/Hex       4%         3d6       56%         4
 Iskenderun's Mystic Bla  Conj/Tloc      9%         2d4       56%         4


Dungeon Overview and Level Annotations

Branches:
Dungeon (1/15)

Altars:


Innate Abilities, Weirdness & Mutations

Your plain brown scales are hard. (AC +4)
You cannot fit into any form of body armour.
You are cold-blooded and may be slowed by cold attacks.


Message History

Press: ? - help, Shift-Dir - straight line, f/p - black bear
Aim: a black bear (moderately wounded, 100% to hit)
The magic dart hits the black bear.
The black bear is moderately wounded.
The black bear barely misses you. The black bear claws you.
* * * LOW HITPOINT WARNING * * *
The black bear claws you but does no damage.
Unknown command.
Sorry, you're not good enough to have a special ability.
Unknown command.
Unknown command.
Casting: Magic Dart (safe; 3% risk of failure)
Confirm with . or Enter, or press ? or * to list all spells.
Aiming: Magic Dart (safe; 3% risk of failure)
Press: ? - help, Shift-Dir - straight line, f/p - black bear
Aim: a black bear (moderately wounded, 100% to hit)
The magic dart hits the black bear.
The black bear is heavily wounded.
The black bear bites you.
* * * LOW HITPOINT WARNING * * *
The black bear barely misses you.
The black bear claws you but does no damage.
Casting: Magic Dart (safe; 3% risk of failure)
Confirm with . or Enter, or press ? or * to list all spells.
Aiming: Magic Dart (safe; 3% risk of failure)
Press: ? - help, Shift-Dir - straight line, f/p - black bear
Aim: a black bear (heavily wounded, 100% to hit)
The magic dart hits the black bear.
The black bear is severely wounded.
The black bear closely misses you. The black bear barely misses you.
The black bear claws you but does no damage.
Casting: Magic Dart (safe; 3% risk of failure)
Confirm with . or Enter, or press ? or * to list all spells.
Aiming: Magic Dart (safe; 3% risk of failure)
Press: ? - help, Shift-Dir - straight line, f/p - black bear
Aim: a black bear (severely wounded, 100% to hit)
The magic dart hits the black bear.
The black bear is almost dead.
The black bear bites you.
You die...

###.........#
#.........#
#....)....###########
#...................#
##.....(..#########.###
#........# #.....#
#........# #.#...#
#......h.# #.##..#
#......@.# #.....#
#........# #####.#
########## #.# #.# #.#
#.# #.# ###


You could see a black bear.

Vanquished Creatures
  A bat (D:2)
  4 giant cockroaches (D:1)
  A goblin (D:2)
  A hobgoblin (D:1)
  A quokka (D:1)
8 creatures vanquished.

Notes
Turn   | Place    | Note
-------+----------+-------------------------------------------
     0 | D:1      | Sabo the Draconian Conjurer began the quest for the Orb.
     0 | D:1      | Reached XP level 1. HP: 14/14 MP: 3/3
   458 | D:1      | Reached XP level 2. HP: 20/20 MP: 0/5
   743 | D:1      | You fall into a shaft and drop 1 floor!
   802 | D:2      | Noticed a black bear
   825 | D:2      | Slain by a black bear

Illustrated notes

Levels and vault maps discovered:
D:1:      dpeg_arrival_refuge, layout_loops_corners, minmay_worlds_worst_comb
D:2:      minmay_general_purpose_star, layout_basic

Action                   || total
-------------------------++-------
Melee: Unarmed           ||    15
       Tailslap          ||     3
 Cast: Magic Dart        ||    23
  Use: Potion            ||     1
Armor: Skin              ||    11
Dodge: Dodged            ||    20

Table legend: (Time is in decaauts)
 A = Elapsed time spent in this place.
 B = Non-inter-level travel time spent in this place.
 C = Inter-level travel time spent in this place.
 D = Time resting spent in this place.
 E = Time spent auto-exploring this place.
 F = Levels seen in this place.
 G = Mean time per level.
                   A        B        C        D        E       F      G
               +--------+--------+--------+--------+--------+-----+--------+
         Total |    824 |    824 |      0 |    583 |      0 |   2 |  412.0 |
       Dungeon |    824 |    824 |      0 |    583 |      0 |   2 |  412.0 |
               +--------+--------+--------+--------+--------+-----+--------+

Top non-repeatable levels by time:
     D:1: 743 daAuts
     D:2: 81 daAuts
